 Dungeon Crawl Stone Soup version 0.30-a0-989-g0d87f670db (webtiles) character file.

Game seed: 5940962653195500232

44 manyhoops the Ruffian (level 3, 0/29 HPs)
             Began as a Demigod Transmuter on Apr 4, 2023.
             Slain by a quokka (4 damage)
             ... on level 2 of the Dungeon.
             The game lasted 00:02:04 (1201 turns).

manyhoops the Ruffian (Demigod Transmuter)          Turns: 1201, Time: 00:02:04

Health: 0/29       AC:  3    Str: 15    XL:     3   Next: 23%
Magic:  8/8        EV: 12    Int: 15    God:
Gold:   943        SH:  5    Dex: 14    Spells: 4/5 levels left

rFire   + . .      SeeInvis .      - Unarmed
rCold   . . .      Faith    .    (no shield)
rNeg    . . .      Spirit   .    a - +0 robe
rPois   .          Reflect  +    (no helmet)
rElec   .          Rampage  +    (no cloak)
rCorr   .                        g - +0 pair of gloves of the Floral Tick {Rampage}
Will    .....                    (no boots)
Stlth   +                        f - amulet "Qeizuleo" {Reflect +Inv rF+ SH+5}
HPRegen 0.24/turn                (no ring)
MPRegen 0.11/turn                (no ring)

@: no status effects
A: high MP 1, forlorn, divine attributes
a: Evoke Invisibility


You were on level 2 of the Dungeon.
You visited 1 branch of the dungeon, and saw 2 of its levels.

You collected 943 gold pieces.

Inventory:

Armour
 a - a +0 robe (worn)
 g - the +0 pair of gloves of the Floral Tick (worn) {Rampage}
   (You acquired it on level 1 of the Dungeon)

   Rampage:   It bestows one free step when moving towards enemies.
Magical Staves
 e - a staff of conjuration
Jewellery
 f - the amulet "Qeizuleo" (around neck) {Reflect +Inv rF+ SH+5}
   (You acquired it on level 1 of the Dungeon)

   [amulet of reflection]

   It reflects blocked missile attacks.
   rF:        It protects you from fire.
   +Inv:      It lets you turn invisible.
   SH:        It affects your SH (+5).
 l - a ring of positive energy
Scrolls
 c - a scroll of enchant armour {unknown}
 i - a scroll of poison {unknown}
 j - a scroll of identify {unknown}
Potions
 b - 3 potions of lignification
 d - 2 potions of curing {unknown}
 h - a potion of cancellation {unknown}
 k - 2 potions of flight {unknown}


   Skills:
 * Level 1.7 Fighting
 - Level 1.7 Dodging
 + Level 3.7 Unarmed Combat
 - Level 1.7 Spellcasting
 - Level 1.7 Transmutations


You had 4 spell levels left.
You knew the following spells:

 Your Spells              Type           Power      Damage    Failure   Level
a - Beastly Appendage     Tmut           12%        N/A       11%         1

Your spell library contained the following spells:

 Spells                   Type           Power      Damage    Failure   Level
 Wereblood                Tmut           6%         N/A       17%         2
 Slow                     Hex            4%         N/A       22%         1
 Spider Form              Tmut/Pois      3%         N/A       43%         3
 Confusing Touch          Hex            1%         N/A       56%         3
 Vampiric Draining        Necr           1%         2d6       56%         3
 Ice Form                 Ice/Tmut       3%         N/A       85%         4


Dungeon Overview and Level Annotations

Branches:
Dungeon (2/15)


Innate Abilities, Weirdness & Mutations

You have an increased reservoir of magic. (+10% MP)
You shall have no god before yourself.
Your divine heritage dramatically boosts your attributes as you level up.


Message History

Your experience leads to a dramatic increase in your attributes!
Increase (S)trength, (I)ntelligence, or (D)exterity?
You feel stronger. x4
You closely miss the hobgoblin. You claw the hobgoblin.
The hobgoblin is severely wounded.
The endoplasm barely misses you. The hobgoblin misses you.
The endoplasm hits you but does no damage.
You hit the hobgoblin.
You kill the hobgoblin!
The endoplasm hits you but does no damage.
The endoplasm misses you. The endoplasm freezes you.
You are frozen.
The endoplasm completely misses you.
You see here a hobgoblin corpse.
You hit the endoplasm.
You claw the endoplasm, but do no damage.
The endoplasm is severely wounded.
Your horns disappear.
Your talons disappear.
You hit the endoplasm.
You kill the endoplasm!
You block the endoplasm's attack.
You hit the endoplasm.
The endoplasm is almost dead.
You block the endoplasm's attack.
You hit the endoplasm but do no damage.
The endoplasm is almost dead.
The endoplasm freezes you.
You are frozen.
* * * LOW HITPOINT WARNING * * *
You hit the endoplasm.
You kill the endoplasm!
A quokka comes into view.
A quokka is nearby!
You rampage towards the quokka!
You barely miss the quokka. The quokka bites you.
* * * LOW HITPOINT WARNING * * *
You closely miss the quokka. The quokka bites you.
* * * LOW HITPOINT WARNING * * *
The quokka bites you.
You die...

####### ....# ......#
...... ......# ......#
......# ......#
......######## #......#
#.######.....####.......#
#.# ##.......##r.......#
#.# #...>.....#@........
..# #...........#.......
..# ##...........†.......
..###.(...........#......
.........................
#.............######.....
#..##...)......# ....
...###.†.......# ...
..##...........# ..


You could see a quokka.

Vanquished Creatures
  A gnoll (D:1)
  An adder (D:2)
  2 ball pythons (D:1)
  2 bats (D:1)
  2 endoplasms (D:2)
  5 goblins (D:1)
  3 hobgoblins
  A quokka (D:1)
  3 kobolds
  3 rats (D:1)
23 creatures vanquished.

Notes
Turn   | Place    | Note
-------+----------+-------------------------------------------
     0 | D:1      | manyhoops the Demigod Transmuter began the quest for the
                  | Orb.
     0 | D:1      | Reached XP level 1. HP: 15/15 MP: 5/5
    49 | D:1      | Reached skill level 1 in Fighting
   200 | D:1      | Reached skill level 3 in Unarmed Combat
   300 | D:1      | Reached XP level 2. HP: 6/23 MP: 7/7
   363 | D:1      | Identified 3 scrolls of acquirement
   363 | D:1      | Acquired the amulet "Qeizuleo" {Reflect +Inv rF+ SH+5}
   370 | D:1      | Acquired the +0 pair of gloves of the Floral Tick {Rampage}
   377 | D:1      | Acquired 849 gold pieces
  1188 | D:2      | Reached XP level 3. HP: 12/29 MP: 6/8
  1201 | D:2      | Slain by a quokka

Illustrated notes

Levels and vault maps discovered:
D:1:      matt_arrival_los_fun, layout_basic, chequers_serial_rivers_micro_e
D:2:      layout_rooms

Skill      XL: |  1 |
---------------+----+-----
Fighting       | 1 |  1.7
Unarmed Combat | 3 |  3.7
Dodging        | |  1.7
Spellcasting   | |  1.7
Transmutations | |  1.7

Action                     || total
---------------------------++-------
  Melee: Unarmed           ||    67
         Kick              ||    16
         Headbutt          ||     6
   Cast: Beastly Appendage ||    15
    Use: Scroll            ||     3
   Stab: Sleeping          ||     1
 Armour: Robe              ||    12
  Dodge: Dodged            ||    28
  Block: Other             ||    11

Table legend: (Time is in decaauts)
 A = Elapsed time spent in this place.
 B = Non-inter-level travel time spent in this place.
 C = Inter-level travel time spent in this place.
 D = Time resting spent in this place.
 E = Time spent auto-exploring this place.
 F = Levels seen in this place.
 G = Mean time per level.
                   A        B        C        D        E       F      G
               +--------+--------+--------+--------+--------+-----+--------+
         Total |   1196 |   1096 |    100 |     42 |    883 |   2 |  598.0 |
       Dungeon |   1196 |   1096 |    100 |     42 |    883 |   2 |  598.0 |
               +--------+--------+--------+--------+--------+-----+--------+

Top non-repeatable levels by time:
     D:1: 893 daAuts
     D:2: 302 daAuts
